AoeStats
← ema.frigo

Arena

509890926Analyzed
3v3 RM · 3d ago on Sep 28, 2026· 59m 10s· 6 players
Game mode
Random Map
Map size
Normal (6 player)
Population
200
Speed
Normal
Resources
Standard
Victory
Conquest
Starting age
Dark Age
Ending age
Imperial Age
RankedLock teamsTeams togetherTeam positionsShared explorationLock speedFull tech treeHidden civsTurbo modeCheats
Victory
Defeat
🇻🇳 Saracens · Vietnam
706
+17
🇻🇳 Franks · Vietnam
635
+11
🇻🇳 Teutons · Vietnam
619
+12
🇷🇸 Inca · Serbia
595
-13
🇲🇽 Franks · Mexico
540
-11
🇳🇱 Britons · Netherlands
463
-8
jose.rodarte
1:30 Loom
12:37 Feudal Age
13:10 Double-Bit Axe
14:05 Wheelbarrow
20:31 Stone Mining
20:31 Gold Mining
23:58 Castle Age
25:33 Bow Saw
25:44 Hand Cart
27:06 Caravan
27:51 Treadmill Crane
28:39 Squires
28:24 Gambesons
28:24 Arson
28:00 Pikeman
32:57 Fortified Wall
36:31 Imperial Age
34:21 Forging
34:11 Scale Mail Armor
34:16 Scale Barding Armor
34:02 Fletching
34:12 Padded Archer Armor
37:11 Gold Shaft Mining
37:07 Ballistics
36:58 Masonry
37:00 Scale Barding Armor
36:57 Padded Archer Armor
36:47 Fletching
37:36 Conscription
37:17 Chivalry
36:49 Light Cavalry
37:29 Husbandry
37:26 Fletching
38:15 Cavalier
39:58 Chemistry
39:30 Architecture
38:57 Murder Holes
42:05 Paladin
44:22 Iron Casting
44:02 Chain Mail Armor
44:07 Chain Barding Armor
43:42 Bodkin Arrow
44:02 Leather Archer Armor
44:42 Siege Engineers
44:10 Halberdier
47:36 Blast Furnace
47:06 Plate Mail Armor
47:33 Plate Barding Armor
51:02 Hoardings
sjonsjon [nl]
11:40 Feudal Age
14:08 Wheelbarrow
13:23 Double-Bit Axe
20:46 Fletching
20:57 Padded Archer Armor
24:05 Castle Age
22:59 Gold Mining
23:01 Stone Mining
25:13 Bodkin Arrow
27:37 Hand Cart
28:01 Bow Saw
28:34 Horse Collar
32:21 Crossbowman
36:06 Leather Archer Armor
41:21 Imperial Age
ema.frigo
6:47 Loom
9:53 Feudal Age
19:37 Castle Age
18:04 Forging
19:01 Double-Bit Axe
18:57 Horse Collar
19:13 Gold Mining
19:14 Stone Mining
22:03 Bow Saw
24:33 Gold Shaft Mining
26:49 Treadmill Crane
28:04 Wheelbarrow
27:14 Town Watch
29:08 Iron Casting
28:34 Scale Mail Armor
28:59 Heavy Plow
29:36 Stone Shaft Mining
29:27 Caravan
30:22 Hand Cart
30:33 Town Patrol
31:37 Chain Mail Armor
32:39 Andean Sling
32:22 Champi Runner
33:03 Squires
32:23 Pikeman
32:49 Arson
36:59 Imperial Age
34:53 Ballistics
34:17 Champi Warrior
35:24 Thumb Ring
36:13 Padded Archer Armor
36:04 Fletching
36:27 Fortified Wall
36:12 Murder Holes
38:01 Masonry
37:30 Elite Kamayuk
39:06 Crop Rotation
39:22 Conscription
39:09 Elite Champi Warrior
39:37 Halberdier
43:17 Hoardings
43:09 Fabric Shields
46:56 Blast Furnace
46:40 Plate Mail Armor
49:26 Onager
5Fpsss
13:33 Feudal Age
14:06 Horse Collar
14:20 Double-Bit Axe
21:00 Castle Age
19:35 Gold Mining
19:40 Stone Mining
21:10 Forging
23:13 Bow Saw
23:06 Heavy Plow
23:47 Gold Shaft Mining
24:23 Loom
32:46 Iron Casting
32:56 Scale Mail Armor
33:04 Scale Barding Armor
35:08 Caravan
35:30 Chain Mail Armor
36:29 Masonry
39:45 Imperial Age
37:44 Ballistics
37:52 Chain Barding Armor
39:49 Elite Mameluke
42:40 Hoardings
43:55 Blast Furnace
44:24 Plate Mail Armor
45:46 Plate Barding Armor
48:39 Chemistry
no
11:33 Feudal Age
15:32 Castle Age
15:03 Horse Collar
15:12 Double-Bit Axe
16:04 Wheelbarrow
17:42 Heavy Plow
17:57 Bow Saw
21:46 Stone Mining
24:17 Hand Cart
30:27 Imperial Age
29:28 Stone Shaft Mining
28:48 Gold Mining
31:38 Crop Rotation
31:31 Conscription
30:32 Elite Teutonic Knight
32:16 Two-Man Saw
31:14 Loom
32:53 Scale Mail Armor
33:03 Forging
34:17 Chain Mail Armor
35:13 Iron Casting
36:59 Chemistry
36:05 Siege Engineers
36:21 Ballistics
36:12 Masonry
35:53 Guard Tower
36:14 Fortified Wall
36:37 Plate Mail Armor
37:07 Blast Furnace
37:18 Blast Furnace
39:06 Bombard Tower
39:58 Crenellations
40:56 Arson
41:11 Squires
44:03 Heated Shot
47:32 Town Watch
58:08 Town Patrol
58:50 Padded Archer Armor
58:53 Fletching
S1mpUn
5:38 Loom
11:08 Feudal Age
11:39 Double-Bit Axe
16:57 Wheelbarrow
19:58 Castle Age
19:29 Gold Mining
19:32 Stone Mining
20:07 Stone Mining
20:59 Bow Saw
29:20 Hand Cart
29:54 Gold Shaft Mining
29:59 Husbandry
32:38 Forging
32:34 Scale Barding Armor
37:47 Imperial Age
37:07 Iron Casting
36:53 Chain Barding Armor
38:14 Caravan
38:19 Cavalier
39:36 Plate Barding Armor
40:02 Blast Furnace
41:07 Chemistry
39:49 Treadmill Crane
40:14 Scale Mail Armor
42:10 Coinage
42:31 Coinage
42:01 Man-at-Arms
42:28 Gambesons
43:25 Chain Mail Armor
42:58 Paladin
44:05 Long Swordsman
44:40 Arson
46:02 Banking
45:39 Two-Handed Swordsman
46:21 Squires
46:18 Ordonnance Companies
48:03 Plate Mail Armor
47:45 Champion
Connection lost

Rejoining the realm…

Still unreachable

The connection could not be restored.

Session expired

The server has moved on; the page needs a fresh start.